 Dungeon Crawl Stone Soup version 0.26-a0-30-g56b8cd3df0 (webtiles) character file.

Game seed: 17727445317367254735, levelgen mode: deterministic

18 Gwenloh the Sneak (level 2, -1/16 HPs)
             Began as a Kobold Enchanter on June 3, 2020.
             Slain by a worm (7 damage)
             ... on level 2 of the Dungeon.
             The game lasted 00:03:55 (1837 turns).

Gwenloh the Sneak (Kobold Enchanter)                Turns: 1837, Time: 00:03:55

Health: -1/16      AC:  2    Str:  5    XL:     2   Next: 85%
Magic:  5/5        EV: 15    Int: 16    God:
Gold:   25         SH:  0    Dex: 15    Spells: 2/5 levels left

rFire    . . .     SeeInvis .   a - +1 dagger
rCold    . . .     Gourm    .   (shield restricted)
rNeg     . . .     Faith    .   b - +0 robe
rPois    .         Spirit   .   (no helmet)
rElec    .         Reflect  .   (no cloak)
rCorr    .         Harm     .   (no gloves)
MR       .....                  (no boots)
Stlth    +++.......             (no amulet)
HPRegen  0.05/turn              (no ring)
MPRegen  0.09/turn              (no ring)

@: no status effects
A: small, carnivore
a: no special abilities


You were on level 2 of the Dungeon.
You were completely stuffed.

You visited 1 branch of the dungeon, and saw 2 of its levels.

You collected 25 gold pieces.

Inventory:

Hand Weapons
 a - a +1 dagger (weapon)
Missiles
 i - 77 stones (quivered)
 o - 20 arrows
Armour
 b - a +0 robe (worn)
Jewellery
 h - an uncursed ring of stealth {unknown}
Scrolls
 e - 2 scrolls of remove curse {unknown}
 f - 2 scrolls of identify {unknown}
 g - 5 scrolls of enchant weapon {unknown}
 m - a scroll of blinking {unknown}
Potions
 c - a potion of lignification {unknown}
 j - a potion of cancellation {unknown}
 k - a potion of stabbing {unknown}
 n - 2 potions of ambrosia {unknown}
Comestibles
 d - 2 rations
 l - 4 chunks of flesh


   Skills:
 + Level 0.3 Fighting
 * Level 2.1 Short Blades
 + Level 2.6 Dodging
 + Level 4.2 Stealth
 + Level 2.3 Spellcasting
 * Level 3.2 Hexes
 + Level 0.0 Ice Magic


You had 2 spell levels left.
You knew the following spells:

 Your Spells              Type           Power        Failure   Level  Hunger
a - Corona                Hex            ##.....      5%          1    #......
b - Ensorcelled Hibernat  Hex/Ice        #.....       16%         2    ###....

Your spell library contained the following spells:

 Spells                   Type           Power        Failure   Level  Hunger
 Confusing Touch          Hex            ##......     16%         3    ###....
 Tukima's Dance           Hex            ##......     16%         3    ###....
 Dazzling Flash           Conj/Hex       #.....       30%         3    ###....


Dungeon Overview and Level Annotations

Branches:
Dungeon (2/15)

Altars:


Innate Abilities, Weirdness & Mutations

You are small and have problems with some larger weapons.
You are carnivorous and can eat meat at any time.


Message History

a +0 club; a hobgoblin corpse You butcher the hobgoblin corpse.
l - 4 chunks of flesh (gained 3)
Things that are here:
a +0 club; a hobgoblin skeleton A kobold comes into view.
A kobold comes into view.
The kobold shouts!
You hear a shout!
The kobold throws a stone.
The stone hits you but does no damage.
A worm comes into view.
The kobold shouts!
You see here a stone.
The kobold throws a stone.
The stone hits you.
You see here a stone.
A hobgoblin comes into view. It is wielding a +0 club.
A rat comes into view.
The hobgoblin barely misses you. The worm bites you. The kobold hits you.
The kobold closely misses you. The worm bites you!
You die...

...>#####.#.#####
.......#.#.########
#.....#........#
##.......####.##
#..#####.#<##.#
#....# #.#....# ##
###..#.# #.######
#.. #.##.).# #.#
#..#.#@K..# #.#
#..(wK##.# #.#
#..##.###.# #.#
.... #.....# ...#
#####.# #. #.# #
#.# #.# ..#


You could see a worm and 2 kobolds.

Vanquished Creatures
  A dart slug (D:1)
  4 hobgoblins
  3 kobolds (D:1)
  2 ball pythons (D:1)
  4 bats (D:1)
  A frilled lizard (D:2)
  A rat (D:1)
16 creatures vanquished.

Notes
Turn   | Place    | Note
-------+----------+-------------------------------------------
     0 | D:1      | Gwenloh the Kobold Enchanter began the quest for the Orb.
     0 | D:1      | Reached XP level 1. HP: 10/10 MP: 3/3
   373 | D:1      | Reached XP level 2. HP: 7/15 MP: 0/5
   751 | D:1      | Learned a level 2 spell: Ensorcelled Hibernation
  1837 | D:2      | Slain by a worm

Illustrated notes

Levels and vault maps discovered:
D:1:      mushboom_english_gardens, layout_basic
D:2:      layout_basic, minmay_between

Skill      XL: |  1  2 |
---------------+-------+-----
Short Blades   | 2 |  2.1
Fighting       | |  0.3
Dodging        | |  2.6
Stealth        | |  4.2
Spellcasting   | |  2.3
Hexes          | |  3.2

Action                   || total
-------------------------++-------
Melee: Dagger            ||    77
Throw: Stone             ||     3
 Cast: Corona            ||    13
 Stab: Sleeping          ||     3
  Eat: Chunk             ||    11
Armor: Robe              ||    12
Dodge: Dodged            ||    62

Table legend:
 A = Non-vault XP
 B = Vault XP
 C = Vault XP percentage of total XP
 D = Non-vault monster count
 E = Vault monster count
 F = Vault count percentage of total count
                 A         B        C        D         E       F
            +---------+---------+-------+---------+---------+-------
      Total |      26 |       0 |   0.0 |      16 |       0 |   0.0
            +---------+---------+-------+---------+---------+-------
        D:1 |      23 |       0 |   0.0 |      14 |       0 |   0.0
        D:2 |       3 |       0 |   0.0 |       2 |       0 |   0.0
            +---------+---------+-------+---------+---------+-------
